 Dungeon Crawl Stone Soup version 0.29-a0-266-gf56f883ddd (webtiles) character file.

Game seed: 9783393527627031028

2908 Zonian the Chiller (level 9, -7/57 HPs)
             Began as a Demonspawn Ice Elementalist on Mar 7, 2022.
             Was an Initiate of Makhleb.
             Mangled by a gnoll sergeant
             ... wielding a +2 vampiric trident
              (13 damage)
             ... on level 8 of the Dungeon.
             The game lasted 00:19:52 (9199 turns).

Zonian the Chiller (Demonspawn Ice Elementalist)    Turns: 9199, Time: 00:19:52

Health: -7/57      AC:  7    Str: 14    XL:     9   Next: 49%
Magic:  13/17      EV: 14    Int: 20    God:    Makhleb [......]
Gold:   405        SH:  0    Dex: 15    Spells: 8/19 levels left

rFire   . . .      SeeInvis .   o - +4 club (spect)
rCold   . . .      Faith    .   (no shield)
rNeg    . . .      Spirit   .   a - +0 robe
rPois   .          Reflect  .   (helmet restricted)
rElec   .          Harm     .   z - +0 cloak
rCorr   .          Rampage  .   (no gloves)
Will    .....                   (no boots)
Stlth   +++.......              f - amulet of magic regeneration
HPRegen 0.19/turn               r - +6 ring of strength
MPRegen 0.70/turn               t - +4 ring of protection

@: no status effects
A: claws 1, hooves 2, horns 2, magic regeneration
a: Renounce Religion


You were on level 8 of the Dungeon.
You worshipped Makhleb.
Makhleb was noncommittal.
You visited 2 branches of the dungeon, and saw 9 of its levels.

You collected 405 gold pieces.

Inventory:

Hand Weapons
 g - a +0 dagger
 n - a +0 dagger
 o - a +4 spectral club (weapon)
 q - a +2 vampiric dagger
 C - a +2 rapier of flaming
 D - a +2 short sword of venom
 F - a +0 club
 I - a +3 scimitar
 J - a +4 war axe of freezing
 M - a +0 dagger of venom
Missiles
 i - 12 poisoned darts
 k - 6 silver boomerangs
 y - 6 javelins
Armour
 a - a +0 robe (worn)
 l - a +0 buckler
 p - a +1 helmet
 z - a +0 cloak (worn)
Jewellery
 f - an amulet of magic regeneration (around neck)
 r - a +6 ring of strength (left claw)
 t - a +4 ring of protection (right claw)
 w - a ring of willpower
 L - a ring of willpower
 O - a ring of positive energy
Wands
 u - a wand of charming (18)
 K - a wand of flame (30)
Scrolls
 j - 2 scrolls of enchant armour
 E - 3 scrolls of teleportation
 G - 3 scrolls of magic mapping
 N - a scroll of fog
Potions
 b - a potion of magic
 c - a potion of ambrosia {unknown}
 e - 2 potions of flight {unknown}
 h - a potion of lignification {unknown}
 m - a potion of mutation {unknown}
 s - 2 potions of heal wounds {unknown}
 v - a potion of invisibility
 x - 2 potions of brilliance
 A - a potion of degeneration {unknown}
 B - 2 potions of attraction {unknown}
 H - 2 potions of berserk rage {unknown}


   Skills:
 + Level 3.6 Short Blades
 - Level 2.2 Maces & Flails
 + Level 5.7 Dodging
 + Level 6.2 Stealth
 + Level 5.7 Spellcasting
 + Level 2.3 Conjurations
 + Level 6.5 Ice Magic
 + Level 0.3 Invocations


You had 8 spell levels left.
You knew the following spells:

 Your Spells              Type           Power      Damage    Failure   Level
a - Freeze                Ice            100%       1d11      1%          1
b - Frozen Ramparts       Ice            62%        1d8       2%          3
c - Ozocubu's Armour      Ice            31%        N/A       2%          3
d - Hailstorm             Conj/Ice       23%        3d7       17%         4

Your spell library contained the following spells:

 Spells                   Type           Power      Damage    Failure   Level
 Shock                    Conj/Air       40%        1d5       7%          1
 Summon Small Mammal      Summ           20%        N/A       11%         1
 Corpse Rot               Necr/Air       10%        N/A       16%         2
 Poisonous Vapours        Pois/Air       10%        N/A       16%         2
 Dazzling Flash           Conj/Hex       20%        N/A       21%         3
 Ice Form                 Ice/Tmut       18%        N/A       28%         4
 Summon Ice Beast         Ice/Summ       18%        N/A       28%         4
 Call Canine Familiar     Summ           5%         N/A       32%         3
 Summon Guardian Golem    Hex/Summ       5%         N/A       32%         3
 Swiftness                Air            5%         N/A       32%         3
 Tukima's Dance           Hex            5%         N/A       32%         3
 Iskenderun's Mystic Bla  Conj/Tloc      10%        2d4       54%         4
 Airstrike                Air            2%         N/A       71%         4
 Passage of Golubria      Tloc           5%         N/A       71%         4
 Agony                    Necr           5%         N/A       96%         5
 Silence                  Hex/Air        2%         N/A       96%         5
 Yara's Violent Unravell  Hex/Tmut       2%         3d3       96%         5
 Starburst                Conj/Fire      5%         6d4       100%        6


Dungeon Overview and Level Annotations

Branches:
Dungeon (8/15)             Temple (1/1) D:7
   Lair: D:8-11

Altars:
Cheibriados
Elyvilon
Fedhas
Makhleb
Okawaru
Qazlal
Sif Muna
Trog
Uskayaw
Vehumet
Wu Jian
Xom
Yredelemnul
Zin


Innate Abilities, Weirdness & Mutations

You have sharp fingernails.
You have hoof-like feet.
You have a pair of horns on your head.
You regenerate magic rapidly.


Message History

The gnoll is heavily wounded.
Your +4 spectral club hits the gnoll!
You kill the gnoll!
Makhleb accepts your kill. The kobold barely misses you.
The gnoll closely misses you.
Something hits your +4 spectral club.
Your spectral weapon shares its damage with you!
* * * LOW HITPOINT WARNING * * *
The kobold hits you with a +0 club.
* * * LOW HITPOINT WARNING * * *
Unknown command.
The kobold attacks as you move away! The kobold closely misses you.
The kobold throws a stone.
The stone hits you but does no damage.
The kobold throws a stone.
The stone misses you.
Unknown command.
You feel better.
The kobold throws a stone.
The stone closely misses you.
The kobold throws a stone.
The stone completely misses you.
The gnoll sergeant hits you from afar with a +2 vampiric trident!
* * * LOW HITPOINT WARNING * * *
Unknown command.
You feel better.
The kobold throws a stone.
The stone completely misses you.
The gnoll sergeant hits you from afar with a +2 vampiric trident.
* * * LOW HITPOINT WARNING * * *
Unknown command.
Okay, then.
Cast which spell? (? or * to list)
Okay, then.
Cast which spell? (? or * to list)
Casting: Hailstorm (dangerous; 17% risk of failure)
Press: ? - help, Dir - look around, f - activate A cannonade of hail descends around you!
The hail pelts the gnoll sergeant!
The gnoll sergeant is heavily wounded.
The hail pelts the gnoll!
The gnoll is heavily wounded.
The hail pelts the kobold!
You kill the kobold!
Makhleb accepts your kill.
The gnoll sergeant hits you from afar with a +2 vampiric trident!
You die...

..#.#
#.#.#.###.#
#####
#<......#.# #
##....#.#.#
#.#....#....#
###....#....###
.......)....###
......).).g...#
........#.K##.#
........g.@# .#
........#.....#
........##..###
.............
........##.#.#
........##.#..
.... ......
#.....#


You could see a gnoll sergeant, a gnoll and a kobold.

Vanquished Creatures
  A wyvern (D:7)
  4 yaks (D:5)
  Eustachio (D:5)
  An ogre (D:5)
  An orc warrior (D:3)
  4 centaurs
  A bullfrog (D:7)
  2 kobold brigands
  A necrophage (D:6)
  6 wights
  4 howler monkeys
  3 hounds
  Crazy Yiuf (D:3)
  A jelly (D:6)
  5 iguanas
  Natasha (twice) (D:2)
  2 orc wizards
  Robin (D:2)
  13 adders
  17 gnolls
  2 shadow imps (D:7)
  A white imp (D:6)
  2 ufetubi
  5 dart slugs
  19 orcs
  5 endoplasms
  17 goblins
  6 hobgoblins
  2 quokkas (D:1)
  6 ball pythons
  A bat (D:1)
  4 frilled lizards
  14 kobolds
  3 rats
158 creatures vanquished.

Vanquished Creatures (others)
  A fungus (D:6)
1 creature vanquished.

Grand Total: 159 creatures vanquished

Notes
Turn   | Place    | Note
-------+----------+-------------------------------------------
     0 | D:1      | Zonian the Demonspawn Ice Elementalist began the quest for
                  | the Orb.
     0 | D:1      | Reached XP level 1. HP: 13/13 MP: 3/3
   369 | D:1      | Discovered your monstrous ancestry.
   369 | D:1      | Gained mutation: You have large cloven feet. [demonic
                  | ancestry]
   369 | D:1      | Reached XP level 2. HP: 11/19 MP: 0/5
  1435 | D:2      | Gained mutation: You regenerate magic rapidly. [demonic
                  | ancestry]
  1435 | D:2      | Reached XP level 3. HP: 20/24 MP: 4/6
  1638 | D:2      | Noticed Robin
  1654 | D:2      | Killed Robin
  2178 | D:2      | Learned a level 3 spell: Frozen Ramparts
  2346 | D:2      | Noticed Natasha
  2354 | D:2      | Killed Natasha
  2355 | D:2      | Gained mutation: You have a pair of small horns on your
                  | head. [demonic ancestry]
  2355 | D:2      | Reached XP level 4. HP: 26/30 MP: 6/8
  2580 | D:2      | Noticed Natasha
  2599 | D:2      | Killed Natasha
  2846 | D:3      | Gained mutation: You have hoof-like feet. [demonic
                  | ancestry]
  2846 | D:3      | Reached XP level 5. HP: 30/35 MP: 6/9
  3007 | D:3      | Learned a level 3 spell: Ozocubu's Armour
  3070 | D:3      | Noticed an orc warrior
  3096 | D:3      | Killed an orc warrior
  3331 | D:3      | Found a faded altar of an unknown god.
  3378 | D:3      | Reached XP level 6. HP: 40/41 MP: 10/10
  3392 | D:3      | Found a runed translucent door.
  3393 | D:3      | Noticed Crazy Yiuf
  3503 | D:3      | Found a hide-covered altar of Uskayaw.
  3590 | D:3      | Killed Crazy Yiuf
  4687 | D:4      | Found a basalt altar of Yredelemnul.
  4783 | D:5      | Entered Level 5 of the Dungeon
  4820 | D:5      | Noticed Eustachio
  4832 | D:5      | Killed Eustachio
  4833 | D:5      | Reached skill level 1 in Maces & Flails
  4833 | D:5      | Gained mutation: You have a pair of horns on your head.
                  | [demonic ancestry]
  4833 | D:5      | Reached XP level 7. HP: 45/46 MP: 12/12
  4998 | D:5      | Reached skill level 5 in Ice Magic
  6010 | D:5      | Noticed a yak
  6010 | D:5      | Noticed a yak
  6010 | D:5      | Noticed a yak
  6028 | D:5      | Noticed a yak
  6037 | D:5      | Killed a yak
  6038 | D:5      | Reached skill level 1 in Short Blades
  6038 | D:5      | Gained mutation: You have sharp fingernails. [demonic
                  | ancestry]
  6038 | D:5      | Reached XP level 8. HP: 49/52 MP: 9/14
  6044 | D:5      | Reached skill level 5 in Stealth
  6736 | D:6      | Reached skill level 5 in Dodging
  6736 | D:6      | Reached skill level 5 in Spellcasting
  6975 | D:6      | Learned a level 4 spell: Hailstorm
  7019 | D:6      | Reached XP level 9. HP: 49/57 MP: 16/16
  7374 | D:6      | Found a shimmering blue altar of Sif Muna.
  7513 | D:6      | Reached skill level 1 in Conjurations
  8586 | D:7      | Found a burning altar of Makhleb.
  8667 | D:7      | Found a staircase to the Ecumenical Temple.
  8747 | Temple   | Entered the Ecumenical Temple
  8967 | D:7      | Became a worshipper of Makhleb the Destroyer
  9199 | D:8      | Mangled by a gnoll sergeant

Illustrated notes

Levels and vault maps discovered:
D:1:      minmay_arrival_shoal_huts, layout_basic
D:2:      layout_basic, uniq_natasha, uniq_robin
D:3:      layout_basic, mainiacjoe_overflow_alcove_4,
          dilly_ecumenical_altar_fadedgnrine, uniq_crazy_yiuf_cottage
D:4:      layout_gridville, lemuel_doored_altar
D:5:      layout_loops_ring, uniq_eustachio
D:6:      layout_loops_cross, mainiacjoe_overflow_surrounded_room,
          elyvilon_altar_1
D:7:      layout_rooms, bloody_makhleb, minmay_temple_entry_statues
D:8:      layout_basic, grunt_gozag_breadcrumbs, nrook_mini_vaults, uniq_maggie
Temple:   nicolae_temple_figure_zero

Skill      XL: |  1  2  3  4  5  6  7  8  9 |
---------------+----------------------------+-----
Stealth        | 2 3 4 5 6 |  6.2
Dodging        | 2 3 4 5 |  5.7
Ice Magic      | 4 5 6 |  6.5
Spellcasting   | 3 4 5 |  5.7
Maces & Flails | 1 2 |  2.2
Short Blades   | 1 2 3 |  3.6
Conjurations   | 2 |  2.3
Invocations    | |  0.3

Action                   |  1- 3 |  4- 6 |  7- 9 || total
-------------------------+-------+-------+-------++-------
Melee: Unarmed           |     7 |       |       ||     7
       Club              |     8 |    54 |   133 ||   195
       Kick              |     1 |    18 |    64 ||    83
       Headbutt          |       |     9 |    44 ||    53
       Dagger            |       |    14 |     2 ||    16
       Punch             |       |     1 |     3 ||     4
       Short sword       |       |       |    51 ||    51
 Cast: Freeze            |    63 |     6 |     1 ||    70
       Frozen Ramparts   |       |     1 |     5 ||     6
       Ozocubu's Armour  |       |     1 |     2 ||     3
       Hailstorm         |       |       |     1 ||     1
  Use: Scroll            |     3 |     4 |     5 ||    12
       Potion            |       |       |     4 ||     4
 Stab: Sleeping          |       |     6 |    10 ||    16
       Distracted        |       |       |     2 ||     2
Armor: Robe              |     6 |    20 |    57 ||    83
Dodge: Dodged            |    42 |    51 |   137 ||   230

Table legend: (Time is in decaauts)
 A = Elapsed time spent in this place.
 B = Non-inter-level travel time spent in this place.
 C = Inter-level travel time spent in this place.
 D = Time resting spent in this place.
 E = Time spent auto-exploring this place.
 F = Levels seen in this place.
 G = Mean time per level.
                   A        B        C        D        E       F      G
               +--------+--------+--------+--------+--------+-----+--------+
         Total |   9242 |   8964 |    278 |   2577 |   4993 |   9 | 1026.9 |
       Dungeon |   9056 |   8789 |    267 |   2577 |   4820 |   8 | 1132.0 |
        Temple |    185 |    175 |     10 |      0 |    173 |   1 |  185.0 |
               +--------+--------+--------+--------+--------+-----+--------+

Top non-repeatable levels by time:
     D:5: 1827 daAuts
     D:6: 1531 daAuts
     D:3: 1429 daAuts
     D:1: 1389 daAuts
     D:2: 1333 daAuts
     D:4: 744 daAuts
     D:7: 718 daAuts
  Temple: 185 daAuts
     D:8: 82 daAuts
